 Dungeon Crawl Stone Soup version 0.22.0-36-g8e74550d25 (console) character file.

168505 facsimile the Covert (level 17, 100/100 HPs)
             Began as a Deep Elf Wizard on Aug 23, 2018.
             Was the Champion of Dithmenos.
             Got out of the dungeon
             ... with 1 rune on Aug 24, 2018!
             The game lasted 12:10:32 (56644 turns).

facsimile the Covert (Deep Elf Wizard)             Turns: 56644, Time: 12:10:32

Health: 100/100    AC: 16    Str:  4    XL:     17   Next: 8%
Magic:  36/36      EV: 21    Int: 31    God:    Dithmenos [******]
Gold:   1088       SH:  8    Dex: 13    Spells: 3/43 levels left

rFire    + . .     SeeInvis +   a - +9 dagger (elec)
rCold    . . .     Gourm    .   m - +3 buckler {AC+3}
rNeg     + . .     Faith    .   D - +2 robe {MR+}
rPois    .         Spirit   .   C - +0 mask of the Dragon {MR+ Slay+3 SInv}
rElec    .         Reflect  .   S - +2 cloak
rCorr    .         Harm     .   r - +2 pair of gloves {archery}
MR       +++..                  o - +2 pair of boots {Stlth+}
Stlth    ++++++++++             i - macabre finger necklace {rN+}
HPRegen  0.26/turn              (no ring)
MPRegen  0.25/turn              W - ring of flight
                                I - ring of protection from fire

@: wreathed by umbra
A: no striking features
}: 1/15 runes: barnacled
a: Shadow Step, Shadow Form, Renounce Religion, Evoke Flight


You escaped.
You worshipped Dithmenos.
Dithmenos was exalted by your worship.
You were hungry.

You visited 6 branches of the dungeon, and saw 29 of its levels.
You also visited: Bailey.

You collected 2821 gold pieces.
You spent 1733 gold pieces at shops.

Inventory:

Hand Weapons
 a - a +9 dagger of electrocution (weapon)
 B - a +9 blowgun
Missiles
 c - 8 throwing nets {!f}
 t - 3 needles of paralysis {!f}
 u - 51 steel javelins {!f}
 w - 631 stones (quivered)
 x - 23 silver javelins {!f}
 E - 4 tomahawks of dispersal {!f}
 G - 3 needles of frenzy {!f}
 K - 13 curare-tipped needles {!f}
 Q - 12 javelins of penetration
Armour
 m - a +3 buckler of protection (worn)
 o - a +2 pair of boots of stealth (worn)
 r - a +2 pair of gloves of archery (worn)
 C - the +0 mask of the Dragon (worn) {MR+ Slay+3 SInv}
   (You bought it in a shop on level 4 of the Shoals)

   It affects your accuracy and damage with ranged weapons and melee attacks
   (+3).
   It affects your resistance to hostile enchantments.
   It lets you see invisible.
 D - a +2 robe of magic resistance (worn)
 S - a +2 cloak (worn)
Magical Staves
 b - an uncursed staff of earth
Jewellery
 i - the macabre finger necklace (around neck) {rN+}
   (You took it off an orc warrior on level 10 of the Dungeon)

   [amulet of nothing]

   It protects you from negative energy.
 p - an uncursed ring of protection from fire
 v - an uncursed ring of teleportation
 I - a ring of protection from fire (on amulet)
 U - an uncursed ring of positive energy
 W - a ring of flight (right hand)
Wands
 k - a wand of iceblast (19)
 H - a wand of acid (10)
 M - a wand of clouds (9)
 P - a wand of digging (20)
Scrolls
 e - 4 scrolls of fear
 g - 2 scrolls of summoning
 q - 20 scrolls of remove curse
 z - 13 scrolls of teleportation
 A - 4 scrolls of fog
 L - 7 scrolls of immolation
 N - 2 scrolls of silence
 Y - 5 scrolls of magic mapping
Potions
 f - 4 potions of agility
 h - a potion of haste
 j - 14 potions of curing
 l - 5 potions of brilliance
 n - a potion of experience {unknown}
 s - 7 potions of flight
 J - 5 potions of might
 O - 2 potions of cancellation
 R - 3 potions of resistance
 T - 2 potions of magic
 X - a potion of heal wounds
Miscellaneous
 d - a phantom mirror
 F - a phial of floods
 Z - a sack of spiders
Comestibles
 y - 43 rations


   Skills:
 - Level 9.5 Fighting
 - Level 10.0 Short Blades
 + Level 13.9 Dodging
 - Level 14.1 Stealth
 - Level 4.0 Shields
 + Level 13.6 Spellcasting
 + Level 9.4 Conjurations
 - Level 11.0 Hexes
 - Level 13.5 Charms
 - Level 1.1 Summonings
 - Level 1.1 Translocations
 - Level 8.0 Air Magic
 + Level 10.1 Earth Magic
 - Level 2.3 Invocations
 - Level 4.8 Evocations


You had 3 spell levels left.
You knew the following spells:

 Your Spells              Type           Power        Failure   Level  Hunger
a - Magic Dart            Conj           ####         1%          1    None
b - Blink                 Tloc           N/A          2%          2    None
c - Confuse               Hex            ######..     1%          3    None
d - Tukima's Dance        Hex            ######..     1%          3    None
e - Lee's Rapid Deconstr  Erth           ######....   1%          5    None
f - Conjure Flame         Conj/Fire      ######..     1%          3    None
i - Invisibility          Hex            ######..     3%          6    ####...
j - Sandblast             Erth           ######       1%          1    None
o - Dazzling Spray        Conj/Hex       ######       1%          3    None
p - Apportation           Tloc           ####..       1%          1    None
r - Deflect Missiles      Chrm/Air       ######....   4%          6    ####...
u - Stone Arrow           Conj/Erth      ######       1%          3    None
w - Passwall              Tmut/Erth      ######..     1%          2    None
x - Summon Butterflies    Summ           ####....     1%          1    None

Your spell library contained the following spells:

 Spells                   Type           Power        Failure   Level  Hunger
 Confusing Touch          Hex            ######       1%          1    None
 Corona                   Hex            ######.      1%          1    None
 Ensorcelled Hibernation  Hex/Ice        ######       1%          2    None
 Searing Ray              Conj           ######       1%          2    None
 Slow                     Hex            ######..     1%          2    None
 Inner Flame              Hex/Fire       ######..     1%          3    None
 Mephitic Cloud           Conj/Pois/Air  ######..     1%          3    None
 Portal Projectile        Hex/Tloc       ######       1%          3    None
 Static Discharge         Conj/Air       ######..     1%          3    None
 Call Imp                 Summ           ####....     2%          2    None
 Gell's Gravitas          Tloc           ####......   4%          3    None
 Lesser Beckoning         Tloc           ####......   4%          3    None
 Cause Fear               Hex            ######....   1%          4    None
 Fulminant Prism          Conj/Hex       ######....   1%          4    None
 Iskenderun's Mystic Bla  Conj           ######..     1%          4    None
 Leda's Liquefaction      Hex/Erth       ######....   1%          4    None
 Lightning Bolt           Conj/Air       ######....   1%          5    None
 Silence                  Hex/Air        ######....   1%          5    None
 Force Lance              Conj/Tloc      ######..     2%          4    None
 Petrify                  Tmut/Erth      ######..     2%          4    None
 Metabolic Englaciation   Hex/Ice        ######....   6%          5    None
 Yara's Violent Unravell  Hex/Tmut       ######....   6%          5    None
 Irradiate                Conj/Tmut      ######....   9%          5    None
 Statue Form              Tmut/Erth      ######...    41%         6    ####...
 Alistair's Intoxication  Tmut/Pois      ###.....     54%         5    None
 Discord                  Hex            ######....   85%         8    #######
 Hydra Form               Tmut           ###.......   98%         6    ####...
 Dragon Form              Tmut           ###.......   100%        7    #####..
 Ignition                 Fire           ###.......   100%        8    #######
 Shatter                  Erth           ######....   100%        9    #######
 Tornado                  Air            ######....   100%        9    #######


Dungeon Overview and Level Annotations

Branches:
Dungeon (15/15)            Temple (1/1) D:7            Lair (6/6) D:9
 Shoals (4/4) Lair:2        Snake (0/4) Lair:4        Slime (0/5) Lair:5
    Orc (2/2) D:10            Elf (0/3) Orc:2        Vaults (1/5) D:13
 Depths (0/5) D:15

Altars:
Ashenzari
Cheibriados
Dithmenos
Elyvilon
Fedhas
Gozag
Hepliaklqana
Kikubaaqudgha
Makhleb
Nemelex Xobeh
Okawaru
Qazlal
Ru
Sif Muna
Trog
Uskayaw
Vehumet
Wu Jian
Xom
Yredelemnul
Zin
The Shining One
Beogh
Lugonu

Shops:
D:7 !   D:13 *   D:14 [   D:15 (   Orc:2 %(%(   Shoals:2 :   Shoals:4 [
Vaults:1 (?

Annotations:
D:14 4 runed doors, exclusion: 4 doors


Message History

A mysterious force pulls you upwards. The hatch slams shut behind you.
There is an escape hatch in the ceiling here.
A mysterious force pulls you upwards. The hatch slams shut behind you.
You see here a dagger.
There is a stone staircase leading up here.
You climb upwards.
There is a stone staircase leading down here.
Unknown command.
(D) Dungeon (T) Temple (L) Lair (A) Shoals (P) Snake Pit (M) Slime Pits (O) Orcish Mines (E) Elven Halls (V) Vaults (U) Depths
Where to? (Enter - D:1, ? - help)
What level of the Dungeon? (default 1, ? - help) You're already here!
You are feeling hungry.
You can't go up here!
There is a large open door here.
There is a staircase leading out of the dungeon here.
Are you sure you want to leave the Dungeon?
This will make you lose the game!
You have escaped!

### #########.# ######## ######......##.# ####.)....#
#......####.##.# #..#.####.# ##### #.###..........# #..#.#
#.# #...# #############.# #.###...############ #..#.####.#
#.#.# #...........#.# #.....)............# #..#....#.# #.#.#
#...........#.# #..####.##########.#
###..#....#.#####.#.#####...........#.# #...........# #.#
#....#....#.......#..÷..#...........#.####.####.###.# #.#
#.#.##....#############.#...........#.#..#....#...#.######.#
#.#.......+......)......+.......................>..........#
#.###.#...######.####.#.#.................#...#.#.#+#####..#
#.............##.# #.......##.########....#.............#..#
#........#+##.##.# #.......##.....#..#.#....#.#.#.......#..#
##............##.# #.......######.#..#..................##.#
#............##.# ##.#+#### #.#..#..#.....#............#
#............##.####.#.#########.#..#..#.#................##
#....#.......##>.................#[....#.#####.............#
#....#.......#####...#.#########.......#........#..........#
#....#...............#.# #..########################.#
#....#......#........#># #..#@######.P.####.## #####.#
#....#...............#.# ###..#.#P.≈#.≈.≈.##.≈.###...#.#
#....#...............+.# #....#P..≈..≈≈≈≈≈..≈≈≈..≈...#.#
###.##...........#...### #.##.#≈.≈≈≈≈≈≈≈≈≈≈≈≈≈≈≈.....'.#
#.#####........#...###### #.##.#≈≈≈≈≈≈≈≈≈≈≈≈≈≈≈≈≈≈..≈.'.#
#.#########....###).....# #.##.#≈≈≈≈≈≈≈P≈P≈≈≈≈PP≈≈≈≈≈.#.#
#.....#....#............# #.##.#≈≈≈≈≈≈PPPP≈≈≈≈P≈..≈...#.#
#####.##.##.#............# #.##.#≈≈P≈≈PPPP≈P≈≈≈P.≈.≈...#.#
#.....##..#.#............# #.##.########################.#
#.#######.#...........#### #.........># ##.# #.#
#.......#.........##### ######.##..# #..# #.#
#.###.#.#.............# #.#...# ##.## #.# #.#
#)#.#.............#### #.#.#.# #..# #.###.#
#.#.####.##..........# #...#.##### #.## #...#.#
#.#.####.##..........#####.........# #.# #####.#.#
#........##...................♣..♣♣# #.# #...#.#.#
#........##............(.....♣♣≈≈P♣ #.##
#...#...###........#########.........##♣♣♣≈♣♣ ####### #).#
#.........#.......#.....................♣♣≈P♣ ♣.....# ##.#
#.................#.................♣♣♣♣♣♣≈≈♣♣♣♣♣...# #.#
#..........##+#####.................≈P♣P≈≈≈≈≈≈≈♣♣...# #.#
#..........##.## #....................≈≈≈≈≈≈≈.)≈....# #.#
#..............# #..................♣♣≈♣♣≈≈≈♣♣P♣♣...# ##.#
#.........####.# #..................♣♣♣♣♣≈≈♣♣♣♣♣♣...# #..#
#.........# #.# #..................# ♣P≈♣♣♣♣.....# #.##
#.........# #.# #...........##..#### ♣≈≈.♣♣..##### #.#
########.## #.# #...........##.## ♣..P♣..## #.# #.# #.#
#...........##.# ♣..♣♣.## #.# ###.# #.# #...........##.#
##....# #.# #...# #.# #...........##.# ###### #.# #.###
#.###...........##.# #.# #.# #.....############.# #.#


There were no monsters in sight!

Vanquished Creatures
  A kraken (Shoals:4)
  Kirke (Shoals:1)
  Ilsuiw (Shoals:2)
  A deep elf sorcerer (Vaults:1)
  A war gargoyle (D:12)
  An ironheart preserver (Vaults:1)
  2 deep elf demonologists (Vaults:1)
  Snorg (D:10)
  8 merfolk javelineers
  7 merfolk impalers
  Josephine (Shoals:1)
  A deep elf death mage (Vaults:1)
  2 fire dragons
  A yaktaur captain (Vaults:1)
  A vault guard (Vaults:1)
  8 hydras
  6 merfolk avatars
  2 centaur warriors (D:13)
  A satyr (Shoals:3)
  3 alligator snapping turtles
  A death knight (D:15)
  2 dancing weapons (D:13)
  3 merfolk aquamancers
  An orc high priest (Orc:2)
  2 tengu warriors
  9 death yaks
  The ghost of chipmonk the Basher, a journeyman GrGl of Wu Jian (Orc:2)
  A two-headed ogre (D:12)
  Urug (D:12)
  A deep elf knight (Vaults:1)
  A skeletal warrior (D:15)
  17 sea snakes
  2 unseen horrors
  A lindwurm (Lair:6)
  9 harpies (Shoals:2)
  3 ironbrand convokers (Vaults:1)
  A kraken simulacrum (Shoals:4)
  A deep elf mage (D:14)
  7 orc knights
  10 cyclopes
  7 ugly things
  4 elephants (Lair:4)
  7 orc sorcerers (Orc:2)
  17 manticores
  8 fauns
  3 centaur zombies
  8 black mambas
  10 merfolk sirens
  6 water nymphs
  2 molten gargoyles (Lair:6)
  Maurice (Orc:1)
  9 gargoyles
  9 spiny frogs
  12 komodo dragons
  3 yaktaurs (Vaults:1)
  An efreet (D:14)
  3 rime drakes
  5 polar bears
  A tengu conjurer (D:15)
  8 wind drakes
  21 merfolk
  8 trolls
  8 blink frogs
  6 snapping turtles
  6 dream sheep
  10 hippogriffs
  A meliai zombie (D:15)
  A spriggan (Lair:3)
  2 shadows
  34 yaks
  17 water elementals
  A spriggan (shapeshifter) (D:15)
  4 wraiths (Shoals:1)
  4 wyverns
  7 humans (Shoals:1)
  3 hungry ghosts
  2 vampire mosquitoes (D:15)
  2 basilisks
  2 steam dragons (Lair:6)
  4 nagas (Lair:4)
  12 wargs
  A soldier ant (D:13)
  An acid dragon (Vaults:1)
  3 hell hounds (Lair:6)
  11 water moccasins
  24 orc warriors
  7 porcupines
  A black bear (Lair:3)
  5 ice beasts
  A hornet zombie (D:13)
  3 necrophages
  6 sky beasts
  A phantom (D:7)
  8 wolves
  13 ogres
  25 centaurs
  13 crocodiles
  6 big kobolds
  28 bullfrogs
  7 scorpions
  4 killer bees (D:7)
  7 wights
  4 electric eels (D:12)
  4 howler monkeys
  5 crimson imps
  5 lava snakes (Lair:6)
  2 bullfrog zombies
  4 centaur skeletons
  4 jellies
  10 orc priests
  8 hounds
  4 bullfrog skeletons
  A gnoll shaman (D:6)
  6 iguanas
  45 orc wizards
  13 worker ants
  2 hound skeletons (D:4)
  Robin (D:4)
  18 gnolls
  14 adders
  A river rat (Lair:2)
  2 shadow imps
  2 oozes (Lair:5)
  An adder skeleton (D:5)
  A worm (D:3)
  2 dart slugs
  8 leopard geckos
  142 orcs
  11 giant cockroaches
  20 goblins
  12 hobgoblins
  12 jackals
  31 kobolds
  9 quokkas
  9 bats
  2 frilled lizards
  A quokka zombie (D:5)
  12 rats
  A fungus (Lair:4)
  A plant (Lair:2)
1008 creatures vanquished.

Vanquished Creatures (collateral kills)
  A fire giant (D:15)
  A vault warden (Vaults:1)
  3 merfolk impalers
  4 two-headed ogres
  Sonja (D:10)
  A swamp dragon (shapeshifter) (Vaults:1)
  4 orc knights (Bailey)
  2 yaktaurs (Vaults:1)
  Sigmund (D:5)
  10 orc warriors
  A centaur (D:13)
  3 ogres
  A bullfrog (D:7)
  A gnoll sergeant (D:7)
  2 howler monkeys (D:9)
  3 hounds
  An orc priest (Orc:1)
  Crazy Yiuf (D:5)
  Natasha (thrice) (D:3)
  2 orc wizards
  5 gnolls
  A worm (D:2)
  9 orcs
61 creatures vanquished.

Vanquished Creatures (others)
  A merfolk javelineer (Shoals:4)
  A vault guard (Vaults:1)
  A merfolk aquamancer (Shoals:4)
  2 merfolk (Shoals:3)
  5 dancing weapons
  A wyvern (Lair:6)
  A sky beast (D:12)
  9 fungi
  A plant (D:9)
  11 tentacles (Shoals:4)
33 creatures vanquished.

Grand Total: 1102 creatures vanquished

Notes
Turn   | Place    | Note
-------+----------+-------------------------------------------
     0 | D:1      | facsimile the Deep Elf Wizard began the quest for the Orb.
     0 | D:1      | Reached XP level 1. HP: 10/10 MP: 7/7
   427 | D:1      | Reached XP level 2. HP: 15/15 MP: 9/9
   794 | D:1      | Learned a level 2 spell: Call Imp
   797 | D:1      | Learned a level 2 spell: Blink
  1011 | D:1      | Reached skill level 3 in Stealth
  1177 | D:1      | Reached XP level 3. HP: 19/19 MP: 11/11
  1811 | D:2      | Reached skill level 5 in Spellcasting
  2069 | D:2      | Learned a level 3 spell: Conjure Flame
  2073 | D:2      | Learned a level 3 spell: Mephitic Cloud
  2185 | D:2      | Reached XP level 4. HP: 24/24 MP: 13/13
  3191 | D:2      | Reached skill level 4 in Stealth
  3191 | D:2      | Reached XP level 5. HP: 28/28 MP: 14/14
  3677 | D:3      | Reached XP level 6. HP: 32/32 MP: 16/16
  4040 | D:3      | Noticed Natasha
  4064 | D:3      | Killed Natasha
  4147 | D:3      | Noticed Natasha
  4153 | D:3      | Killed Natasha
  4161 | D:3      | Noticed Natasha
  4171 | D:3      | Killed Natasha
  4952 | D:4      | Noticed Robin
  5095 | D:4      | Reached skill level 5 in Dodging
  5095 | D:4      | Reached skill level 5 in Stealth
  5206 | D:4      | Reached skill level 1 in Fighting
  5206 | D:4      | Reached XP level 7. HP: 38/38 MP: 16/18
  5404 | D:4      | Killed Robin
  6416 | D:5      | Entered Level 5 of the Dungeon
  6468 | D:5      | Found a runed door.
  6493 | D:5      | Noticed Sigmund
  6504 | D:5      | Killed Sigmund
  6504 | D:5      | Reached skill level 6 in Stealth
  7223 | D:5      | Reached XP level 8. HP: 45/45 MP: 21/21
  7368 | D:5      | Found a hide-covered altar of Uskayaw.
  7624 | D:5      | Noticed Crazy Yiuf
  7630 | D:5      | Killed Crazy Yiuf
  7630 | D:5      | Reached skill level 1 in Evocations
  7638 | D:5      | Got an encrusted mace
  7662 | D:5      | Identified the +7 mace of Vassurch {flame, Int+2 Dex+3} (You found it on level 5 of the Dungeon)
  8172 | D:6      | Reached skill level 7 in Stealth
  9138 | D:7      | Reached XP level 9. HP: 49/52 MP: 22/22
  9175 | D:7      | Reached skill level 8 in Stealth
  9825 | D:7      | Found Desianat's Distillery.
  9829 | D:7      | Bought a potion of curing for 39 gold pieces
  9829 | D:7      | Bought a potion of heal wounds for 65 gold pieces
  9829 | D:7      | Bought a potion of agility for 52 gold pieces
  9829 | D:7      | Bought a potion of might for 52 gold pieces
  9829 | D:7      | Bought a potion of lignification for 39 gold pieces
  9829 | D:7      | Bought a potion of brilliance for 52 gold pieces
  9924 | D:7      | Found a staircase to the Ecumenical Temple.
  9932 | Temple   | Entered the Ecumenical Temple
 10097 | Temple   | Became a worshipper of Dithmenos the Shadowed
 10607 | D:7      | Learned a level 3 spell: Confuse
 10816 | D:8      | Reached skill level 1 in Hexes
 10862 | D:8      | Reached skill level 9 in Stealth
 11201 | D:8      | Found a glowing golden altar of the Shining One.
 11401 | D:8      | Learned a level 3 spell: Tukima's Dance
 11901 | D:8      | Reached skill level 5 in Fighting
 11981 | D:8      | Learned a level 3 spell: Dazzling Spray
 12079 | D:9      | Noticed a troll
 12110 | D:9      | Killed a troll
 12119 | D:9      | Reached XP level 10. HP: 55/59 MP: 18/23
 12216 | D:9      | Reached * piety under Dithmenos
 12612 | D:9      | Reached skill level 10 in Stealth
 12866 | D:9      | Found a staircase to the Lair.
 13069 | D:10     | Entered Level 10 of the Dungeon
 13153 | D:10     | Learned a level 3 spell: Stone Arrow
 13153 | D:10     | Noticed Sonja
 13179 | D:10     | Killed Sonja
 13179 | D:10     | Reached skill level 1 in Earth Magic
 13379 | D:10     | Learned a level 1 spell: Sandblast
 13419 | D:10     | Noticed Snorg
 13551 | Lair:1   | Entered Level 1 of the Lair of Beasts
 13782 | Lair:1   | Noticed a black mamba
 13790 | Lair:1   | Killed a black mamba
 13790 | Lair:1   | Reached skill level 10 in Dodging
 13892 | Lair:1   | Noticed a spiny frog
 13898 | Lair:1   | Killed a spiny frog
 13898 | Lair:1   | Reached skill level 5 in Conjurations
 14272 | Lair:1   | Reached XP level 11. HP: 66/66 MP: 24/24
 14543 | Lair:1   | Reached ** piety under Dithmenos
 15307 | Lair:2   | Reached skill level 5 in Earth Magic
 16548 | Lair:2   | Found a staircase to the Shoals.
 16672 | Lair:2   | Noticed a six-headed hydra
 16689 | Lair:2   | Killed a six-headed hydra
 17196 | Lair:3   | Noticed a death yak
 17196 | Lair:3   | Noticed a death yak
 17267 | Lair:3   | Killed a death yak
 17394 | Lair:3   | Noticed a death yak
 17394 | Lair:3   | Noticed a death yak
 17405 | Lair:3   | Noticed a death yak
 17644 | Lair:3   | Reached XP level 12. HP: 72/72 MP: 27/27
 17801 | Lair:3   | Reached *** piety under Dithmenos
 18582 | Lair:3   | Killed a death yak
 18606 | Lair:3   | Learned a level 2 spell: Passwall
 19397 | Lair:4   | Found a staircase to the Snake Pit.
 19515 | Lair:4   | Reached skill level 10 in Spellcasting
 20064 | Lair:4   | Noticed a six-headed hydra
 20387 | Lair:4   | Killed a six-headed hydra
 21380 | Lair:4   | Learned a level 5 spell: Lee's Rapid Deconstruction
 21432 | Lair:4   | Upgraded the game from 0.22.0-27-ga576289601 to 0.22.0-35-ge4bf2f5f59
 21718 | Lair:5   | Noticed an eight-headed hydra
 21728 | Lair:5   | Noticed an eight-headed hydra
 21759 | Lair:5   | Killed an eight-headed hydra
 21778 | Lair:5   | Killed an eight-headed hydra
 22261 | Lair:5   | Found a staircase to the Slime Pits.
 22277 | Lair:5   | Noticed a four-headed hydra
 22293 | Lair:5   | Killed a four-headed hydra
 22293 | Lair:5   | Reached skill level 5 in Hexes
 22293 | Lair:5   | Reached XP level 13. HP: 79/79 MP: 14/30
 23054 | Lair:6   | Entered Level 6 of the Lair of Beasts
 23082 | Lair:6   | Reached **** piety under Dithmenos
 25088 | Lair:6   | Found a large runed door.
 25102 | Lair:6   | Noticed a fire dragon
 25905 | Lair:6   | Found a large runed door.
 26065 | Lair:6   | Killed a fire dragon
 27531 | D:10     | Reached ***** piety under Dithmenos
 27865 | D:10     | Found a roughly hewn altar of Beogh.
 27867 | D:10     | Found a staircase to the Orcish Mines.
 28114 | D:10     | Killed Snorg
 29166 | D:11     | Reached skill level 1 in Invocations
 29229 | D:11     | Reached XP level 14. HP: 73/86 MP: 11/32
 29965 | D:10     | Learned a level 6 spell: Deflect Missiles
 30053 | Orc:1    | Entered Level 1 of the Orcish Mines
 30129 | Orc:1    | Found a flagged portal.
 30153 | Bailey   | Entered a bailey
 30186 | Bailey   | Reached skill level 1 in Charms
 31621 | Orc:1    | Learned a level 1 spell: Summon Butterflies
 31708 | Orc:2    | Entered Level 2 of the Orcish Mines
 31709 | Orc:2    | Reached ****** piety under Dithmenos
 31712 | Orc:2    | Reached skill level 5 in Charms
 31904 | Orc:1    | Noticed Maurice
 31907 | Orc:1    | Killed Maurice
 33180 | Orc:2    | Found a roughly hewn altar of Beogh.
 33198 | Orc:2    | Found Kiliz's Weapon Shoppe.
 33202 | Orc:2    | Reached skill level 1 in Air Magic
 33281 | Orc:2    | Found Tiadd's Food Shop.
 33671 | Orc:2    | Found a large runed door.
 33671 | Orc:2    | Found a large runed door.
 33728 | Orc:2    | Found a staircase to the Elven Halls.
 33984 | Orc:2    | Noticed chipmonk's ghost (journeyman GrGl)
 34011 | Orc:2    | Found Waxyeb's Weapon Shoppe.
 34011 | Orc:2    | Found Qesaom's Food Shop.
 34201 | Orc:2    | Killed chipmonk's ghost
 34735 | D:12     | Noticed Urug
 34767 | D:12     | Killed Urug
 34767 | D:12     | Reached skill level 10 in Charms
 35902 | D:12     | Noticed a war gargoyle
 35907 | D:12     | Killed a war gargoyle
 35907 | D:12     | Reached skill level 5 in Air Magic
 36358 | D:13     | Found a deep blue altar of Sif Muna.
 36412 | D:13     | Found Gismiyse's Assorted Antiques.
 36675 | D:13     | Found a gate to the Vaults.
 36908 | D:13     | Learned a level 1 spell: Apportation
 38480 | D:14     | Found a huge runed gate.
 38480 | D:14     | Found a huge runed gate.
 38480 | D:14     | Found a huge runed gate.
 38480 | D:14     | Found a huge runed gate.
 38517 | D:14     | Found a sparkling altar of Nemelex Xobeh.
 38904 | D:14     | Reached XP level 15. HP: 91/91 MP: 24/33
 38926 | D:14     | Found a corrupted altar of Lugonu.
 39105 | D:14     | Found Voocues's Antique Armour Boutique.
 39121 | D:14     | Bought a pair of runed boots for 232 gold pieces
 39532 | D:15     | Entered Level 15 of the Dungeon
 40064 | D:15     | Found Joesaubb's Weapon Emporium.
 40184 | D:15     | Found a staircase to the Depths.
 40184 | D:15     | Noticed a fire giant
 40772 | D:15     | Killed a fire giant
 41049 | Shoals:1 | Entered Level 1 of the Shoals
 41049 | Shoals:1 | Noticed Josephine
 41071 | Shoals:1 | Killed Josephine
 41307 | Shoals:1 | Reached skill level 1 in Shields
 42076 | Shoals:1 | Noticed Kirke
 42084 | Shoals:1 | Killed Kirke
 43058 | Shoals:2 | Found Wuben's Book Shoppe.
 43549 | Shoals:2 | Reached skill level 10 in Hexes
 44012 | Shoals:2 | Identified a scroll of acquirement
 44620 | Shoals:2 | Learned a level 6 spell: Invisibility
 44867 | Shoals:2 | Noticed Ilsuiw
 45546 | Shoals:2 | Reached skill level 1 in Short Blades
 45938 | Shoals:2 | Killed Ilsuiw
 48578 | Shoals:3 | Reached skill level 5 in Short Blades
 48594 | Shoals:3 | Reached XP level 16. HP: 96/96 MP: 33/35
 49210 | Shoals:4 | Entered Level 4 of the Shoals
 49270 | Shoals:4 | Upgraded the game from 0.22.0-35-ge4bf2f5f59 to 0.22.0-36-g8e74550d25
 50000 | Shoals:4 | Noticed a kraken
 50267 | Shoals:4 | Reached skill level 11 in Stealth
 50732 | Shoals:4 | HP: 1/96 [merfolk impaler (6)]
 50759 | Shoals:3 | lost flight over shallow water and did not notice;
 50759 | Shoals:3 | (cancelling invisibility)
 50759 | Shoals:3 | then an alligator snapping turtle bit
 51795 | Shoals:4 | Killed a kraken
 51795 | Shoals:4 | Reached skill level 12 in Stealth
 52044 | Shoals:4 | Got a barnacled rune of Zot
 53303 | Shoals:4 | Reached skill level 13 in Stealth
 53541 | Shoals:4 | Got a dazzling leather armour
 53547 | Shoals:4 | Identified the cursed +0 leather armour of Autumn {rCorr Str+4 Int-5 Dex+2} (You found it on level 4 of the Shoals)
 53566 | Shoals:4 | Found Pijexed's Antique Armour Shoppe.
 53581 | Shoals:4 | Bought the +0 mask of the Dragon {MR+ Slay+3 SInv} for 1202 gold pieces
 53581 | Shoals:4 | Found the +0 mask of the Dragon {MR+ Slay+3 SInv}
 53654 | Shoals:4 | Got a garnet-encrusted plate armour
 53660 | Shoals:4 | Identified the +5 plate armour of Itoos {rN+} (You found it on level 4 of the Shoals)
 54197 | Vaults:1 | Entered Level 1 of the Vaults
 54558 | Vaults:1 | Reached skill level 10 in Short Blades
 54841 | Vaults:1 | Reached skill level 14 in Stealth
 54863 | Vaults:1 | Found Buimethri's Magic Scroll Boutique.
 54864 | Vaults:1 | Found Ohey's Weapon Boutique.
 55035 | Vaults:1 | Reached XP level 17. HP: 100/100 MP: 32/36
 55036 | Vaults:1 | Noticed a Tzitzimitl
 55038 | Vaults:1 | Reached skill level 10 in Earth Magic
 56644 | D:$      | Got out of the dungeon!

Skill      XL: |  1  2  3  4  5  6  7  8  9 10 11 12 13 14 15 16 17 |
---------------+----------------------------------------------------+-----
Stealth        | 3 4 5 6 7 9 10 14 | 14.1
Dodging        | 3 4 5 6 7 9 10 11 12 13 | 13.9
Conjurations   | 2 3 5 7 9 |  9.4
Spellcasting   | 5 6 7 9 11 12 13 | 13.6
Fighting       | 1 2 3 5 6 7 8 9 |  9.5
Evocations     | 3 4 |  4.8
Hexes          | 3 4 5 8 11 | 11.0
Earth Magic    | 3 6 8 9 10 | 10.1
Invocations    | 1 2 |  2.3
Charms         | 12 13 | 13.5
Air Magic      | 6 8 |  8.0
Shields        | 4 |  4.0
Short Blades   | 5 10 | 10.0
Summonings     | |  1.1
Translocations | |  1.1

Action                   |  1- 3 |  4- 6 |  7- 9 | 10-12 | 13-15 | 16-18 || total
-------------------------+-------+-------+-------+-------+-------+-------++-------
Melee: Dagger            |     3 |       |       |     9 |   419 |   277 ||   708
       Spear             |       |    21 |   285 |       |       |       ||   306
       Mace              |       |       |    14 |    31 |   155 |       ||   200
       Trident           |       |       |    21 |    28 |     3 |       ||    52
       Staff             |       |       |       |     1 |       |       ||     1
 Fire: Blowgun           |       |       |       |     4 |    12 |       ||    16
 Cast: Magic Dart        |    90 |   188 |   404 |   234 |   344 |    37 ||  1297
       Call Imp          |     8 |    16 |    15 |     9 |     1 |       ||    49
       Conjure Flame     |       |    11 |    61 |    21 |    18 |       ||   111
       Blink             |       |       |     5 |    11 |     4 |     3 ||    23
       Mephitic Cloud    |       |       |     3 |     1 |     4 |       ||     8
       Dazzling Spray    |       |       |     5 |   113 |    89 |     7 ||   214
       Confuse           |       |       |       |    39 |    69 |    31 ||   139
       Stone Arrow       |       |       |       |   148 |   535 |    87 ||   770
       Sandblast         |       |       |       |   145 |    39 |     7 ||   191
       Tukima's Dance    |       |       |       |     2 |    46 |    12 ||    60
       Lee's Rapid Decon |       |       |       |       |    28 |    11 ||    39
       Summon Butterflie |       |       |       |       |     1 |       ||     1
       Invisibility      |       |       |       |       |    13 |    14 ||    27
       Deflect Missiles  |       |       |       |       |     3 |       ||     3
 Abil: Evoke Flight      |       |       |       |       |    29 |    24 ||    53
       Stop Flying       |       |       |       |       |     1 |     1 ||     2
Evoke: Wand              |       |       |       |       |    13 |     4 ||    17
       Phial of floods   |       |       |       |       |     1 |       ||     1
  Use: Scroll            |     5 |     1 |     2 |     7 |    25 |     6 ||    46
       Potion            |       |       |       |       |     3 |    10 ||    13
 Stab: Sleeping          |     1 |       |       |     2 |    39 |    42 ||    84
       Distracted        |       |       |     1 |       |     3 |     1 ||     5
       Confused          |       |       |     1 |     2 |     8 |    22 ||    33
       Invisible         |       |       |       |     1 |    19 |    29 ||    49
  Eat: Chunk             |     4 |     9 |    22 |    23 |    64 |    17 ||   139
       Ration            |       |       |       |     3 |     7 |     4 ||    14
Armor: Robe              |    32 |     5 |    16 |    14 |    71 |    29 ||   167
       Leather armour    |       |       |       |       |   101 |       ||   101
Dodge: Dodged            |    67 |    16 |    40 |   120 |   919 |   165 ||  1327
       Deflected         |       |       |       |       |    16 |    23 ||    39
Block: Buckler           |       |       |       |       |    52 |    72 ||   124
